 Dungeon Crawl Stone Soup version 0.29.1-13-g9f3cf754e1 (webtiles) character file.

Game seed: 1215345464619635870

3061 H0rd4k the Martial Artist (level 9, -6/61 HPs)
             Began as an Octopode Artificer on Jan 19, 2023.
             Was an Initiate of Gozag.
             Mangled by a wyvern (7 damage)
             ... on level 9 of the Dungeon on Jan 20, 2023.
             The game lasted 00:13:46 (12691 turns).

H0rd4k the Martial Artist (Octopode Artificer)     Turns: 12691, Time: 00:13:47

Health: -6/61      AC:  1    Str: 18    XL:     9   Next: 88%
Magic:  16/16      EV: 13    Int: 17    God:    Gozag
Gold:   1008       SH:  0    Dex: 12    Spells: 6/18 levels left

rFire   + . .      SeeInvis .     - Unarmed
rCold   x . .      Faith    .   (no shield)
rNeg    . . .      Spirit   .   (helmet restricted)
rPois   .          Reflect  .   (no amulet)
rElec   .          Harm     .   e - ring of fire
rCorr   .          Rampage  .   n - +6 ring of strength
Will    .....                   (no ring)
Stlth   +++.......              (no ring)
HPRegen 0.20/turn               (no ring)
MPRegen 0.15/turn               (no ring)
                                (no ring)
                                (no ring)

@: no status effects
A: almost no armour, amphibious, 8 rings, camouflage 1, gelatinous body 1,
(nimble swimmer 1), tentacles
a: Renounce Religion, Potion Petition, Call Merchant, Bribe Branch


You were on level 9 of the Dungeon.
You worshipped Gozag.
Gozag was most pleased with you.
You visited 2 branches of the dungeon, and saw 11 of its levels.

You collected 1076 gold pieces.
You paid 68 gold pieces to Gozag.

Inventory:

Missiles
 p - 15 poisoned darts (quivered)
Jewellery
 e - a ring of fire (left tentacle)
 n - a +6 ring of strength (right tentacle)
Wands
 b - a wand of digging (8)
 x - a wand of polymorph (3)
Scrolls
 d - a scroll of blinking {unknown}
 f - a scroll of identify
 g - a scroll of silence {unknown}
 j - 6 scrolls of teleportation
 m - a scroll of summoning {unknown}
 o - 2 scrolls of vulnerability
 s - a scroll of fog {unknown}
 u - 2 scrolls of immolation {unknown}
 y - 2 scrolls of enchant armour {unknown}
 A - a scroll of enchant weapon {unknown}
 C - a scroll of poison {unknown}
Potions
 a - a potion of flight {unknown}
 h - 2 potions of brilliance
 i - 3 potions of attraction
 k - a potion of curing
 l - a potion of resistance {unknown}
 q - 2 potions of might
 r - 2 potions of haste
 t - a potion of magic {unknown}
 v - 2 potions of lignification
 w - a potion of ambrosia {unknown}
 z - 2 potions of degeneration
 B - 2 potions of berserk rage
 D - a potion of cancellation {unknown}


   Skills:
 + Level 5.4 Fighting
 + Level 5.4 Throwing
 - Level 2.3 Dodging
 - Level 1.3 Stealth
 + Level 8.3 Unarmed Combat
 * Level 5.3 Spellcasting
 + Level 3.3 Hexes
 * Level 0.3 Summonings
 - Level 3.2 Evocations


You had 6 spell levels left.
You knew the following spells:

 Your Spells              Type           Power      Damage    Failure   Level
a - Confusing Touch       Hex            15%        N/A       11%         3
b - Inner Flame           Hex/Fire       15%        N/A       22%         3
c - Summon Guardian Gole  Hex/Summ       10%        N/A       21%         3
d - Tukima's Dance        Hex            15%        N/A       11%         3

Your spell library contained the following spells:

 Spells                   Type           Power      Damage    Failure   Level
 Slow                     Hex            60%        N/A       3%          1
 Apportation              Tloc           8%         N/A       14%         1
 Foxfire                  Conj/Fire      24%        2x1d5     14%         1
 Portal Projectile        Hex/Tloc       20%        N/A       22%         3
 Conjure Flame            Conj/Fire      6%         6-21      38%         3
 Ignite Poison            Fire/Tmut/Pois 6%         N/A       38%         3
 Mephitic Cloud           Conj/Pois/Air  4%         N/A       38%         3
 Vampiric Draining        Necr           4%         2d6       38%         3
 Fulminant Prism          Conj/Hex       5%         3d7       56%         4
 Flame Wave               Conj/Fire      6%         2d5       80%         4
 Iskenderun's Mystic Bla  Conj/Tloc      4%         2d3       80%         4
 Alistair's Intoxication  Tmut/Pois      2%         N/A       98%         5
 Blade Hands              Tmut           2%         N/A       98%         5
 Freezing Cloud           Conj/Ice/Air   2%         6-21      98%         5
 Lee's Rapid Deconstruct  Erth           2%         3d5*      98%         5
 Orb of Destruction       Conj           2%         9d5       100%        7
 Spellforged Servitor     Conj/Summ      2%         N/A       100%        7


Dungeon Overview and Level Annotations

Branches:
Dungeon (10/15)            Temple (1/1) D:4
   Lair: D:8-11         Orc: D:9-12

Altars:
Ashenzari
Cheibriados
Dithmenos
Elyvilon
Fedhas
Gozag
Hepliaklqana
Kikubaaqudgha
Makhleb
Okawaru
Qazlal
Ru
Sif Muna
Trog
Uskayaw
Vehumet
Wu Jian
Xom
Yredelemnul
Zin
The Shining One

Shops:
D:6 :   D:9 *   D:10 [

Annotations:
D:2 exclusion: downstairs
D:3 exclusion: downstairs
D:4 1 runed translucent door, exclusion: door, Crazy Yiuf
D:6 exclusion: downstairs
D:7 1 runed translucent door, exclusions: door and 2 downstairs, vvl's ghost, novice OpEE
D:8 Joseph; Psyche
D:10 exclusion: death yak


Innate Abilities, Weirdness & Mutations

You cannot wear most types of armour.
You are amphibious.
You can wear up to eight rings at the same time.
Your skin changes colour to match your surroundings (Stealth+).
Your rubbery body absorbs attacks. (AC +1, EV +1)
((You are camouflaged when in or above water. (Stealth+)))
You have tentacles for arms and can constrict up to eight enemies at once.


Message History

You kill the gnoll sergeant!
You hear the faint creaking of a very distant portcullis.
Your transformation is almost over.
You feel less wooden.
You hear the faint creaking of a very distant portcullis.
A wyvern comes into view.
You barely miss the wyvern.
The wyvern hisses angrily.
Your squeeze misses the wyvern. The wyvern closely misses you.
You bludgeon the wyvern!
The wyvern is moderately wounded.
The wyvern bites you.
You bludgeon the wyvern!
You tentacle-slap the wyvern, but do no damage.
You squeeze the wyvern.
The wyvern is almost dead.
The wyvern bites you.
You tentacle-slap the wyvern but do no damage.
Your squeeze misses the wyvern.
The wyvern is almost dead.
The wyvern bites you. x2
You closely miss the wyvern.
The wyvern is almost dead.
The wyvern bites you!
* * * LOW HITPOINT WARNING * * *
You closely miss the wyvern.
The wyvern is almost dead.
The wyvern bites you!
* * * LOW HITPOINT WARNING * * *
Okay, then.
Unknown command.
Okay, then.
Unknown command.
Okay, then.
Unknown command.
You barely miss the wyvern. Your squeeze misses the wyvern.
The wyvern is almost dead.
The wyvern bites you!
You die...
Your body crumbles into a pile of gold.

# ..(
..##############.....
........$@$$.........
.....##..l#######.....
.... #........... ...
.....##.......... .
#......g...#. . $
####......#...#
##.......∩..
#.....#...#
#..>..g#.#.


You could see a wyvern.

Vanquished Creatures
  Prince Ribbit (D:8)
  Sigmund (D:4)
  A steam dragon (D:7)
  3 orc warriors
  A black bear (D:5)
  2 ogres
  3 phantoms
  A bullfrog (D:7)
  A gnoll sergeant (D:9)
  5 scorpions
  A necrophage (D:6)
  4 wights
  A howler monkey (D:4)
  5 killer bees (D:8)
  3 hounds
  5 jellies
  2 orc priests (D:8)
  5 iguanas
  3 orc wizards
  6 gnolls
  5 adders
  6 white imps
  2 ufetubi (D:6)
  21 orcs
  5 endoplasms
  A giant cockroach (D:1)
  4 goblins
  5 hobgoblins
  3 jackals
  8 kobolds
  5 quokkas
  6 ball pythons
  5 bats
  2 frilled lizards
  4 rats
136 creatures vanquished.

Vanquished Creatures (collateral kills)
  An ice beast (D:7)
  2 orc priests
  3 orcs
  An endoplasm (D:1)
  A ball python (D:3)
8 creatures vanquished.

Vanquished Creatures (others)
  An orc wizard (D:8)
  2 endoplasms (D:1)
3 creatures vanquished.

Grand Total: 147 creatures vanquished

Notes
Turn   | Place    | Note
-------+----------+-------------------------------------------
     0 | D:1      | H0rd4k the Octopode Artificer began the quest for the Orb.
     0 | D:1      | Reached XP level 1. HP: 13/13 MP: 1/1
    82 | D:1      | Found a faded altar of an unknown god.
    84 | D:1      | Reached XP level 2. HP: 1/19 MP: 2/2
   566 | D:1      | Reached skill level 1 in Spellcasting
  1056 | D:1      | Reached XP level 3. HP: 15/24 MP: 4/4
  1941 | D:2      | Reached skill level 1 in Unarmed Combat
  2839 | D:3      | Reached XP level 4. HP: 22/30 MP: 6/6
  2943 | D:3      | Noticed an ogre
  3701 | D:3      | Killed an ogre
  3702 | D:3      | Reached skill level 2 in Unarmed Combat
  3702 | D:3      | Reached XP level 5. HP: 32/36 MP: 6/8
  3932 | D:4      | Noticed Sigmund
  3935 | D:4      | Reached skill level 3 in Unarmed Combat
  3998 | D:4      | Reached XP level 6. HP: 27/42 MP: 9/9
  4007 | D:4      | Killed Sigmund
  4008 | D:4      | Reached skill level 4 in Unarmed Combat
  4222 | D:4      | Found a staircase to the Ecumenical Temple.
  4290 | Temple   | Entered the Ecumenical Temple
  4623 | Temple   | Became a worshipper of Gozag Ym Sagoz the Greedy
  4866 | D:4      | Found a runed translucent door.
  4867 | D:4      | Noticed Crazy Yiuf
  5060 | D:5      | Entered Level 5 of the Dungeon
  5143 | D:5      | Reached XP level 7. HP: 38/47 MP: 11/11
  5347 | D:5      | Found a broken altar of Ashenzari.
  5731 | D:5      | Reached skill level 5 in Unarmed Combat
  5960 | D:5      | Identified the +1 robe of Elyvilon's Inspiration {+Inv rC++
                  | MP+9 Str-3}
  5995 | D:5      | Reached skill level 1 in Throwing
  6320 | D:5      | Reached XP level 8. HP: 31/54 MP: 13/13
  6898 | D:5      | Reached skill level 6 in Unarmed Combat
  8105 | D:6      | Learned a level 3 spell: Confusing Touch
  8109 | D:6      | Learned a level 3 spell: Inner Flame
  8113 | D:6      | Learned a level 3 spell: Summon Guardian Golem
  8632 | D:6      | Found Buongoc's Self-Improvement Boutique.
  8773 | D:7      | Reached skill level 1 in Hexes
  9217 | D:7      | Reached skill level 5 in Fighting
  9217 | D:7      | Reached skill level 7 in Unarmed Combat
  9217 | D:7      | Reached XP level 9. HP: 61/61 MP: 15/15
 10727 | D:7      | Found a runed translucent door.
 10763 | D:7      | Noticed vvl's ghost (novice OpEE)
 10773 | D:7      | Learned a level 3 spell: Tukima's Dance
 10790 | D:8      | Noticed Joseph
 11008 | D:8      | Noticed Psyche
 11122 | D:7      | Reached skill level 5 in Spellcasting
 11222 | D:8      | Noticed Prince Ribbit
 11234 | D:8      | Killed Prince Ribbit
 11235 | D:8      | Reached skill level 5 in Throwing
 11235 | D:8      | Reached skill level 8 in Unarmed Combat
 12425 | D:8      | You fall into a shaft and drop 2 floors!
 12425 | D:10     | Entered Level 10 of the Dungeon
 12425 | D:10     | Found Wefaidu's Antique Armour Shoppe.
 12452 | D:10     | Noticed a death yak
 12500 | D:10     | Noticed a death yak
 12546 | D:10     | Noticed a troll
 12553 | D:9      | Found Ymustresy's Overcharged Wands.
 12690 | D:9      | HP: 1/61 [wyvern (8)]
 12691 | D:9      | Mangled by a wyvern

Illustrated notes

Levels and vault maps discovered:
D:1:      dpeg_arrival_leaves_temple_mockup, layout_loops_ring,
          basic_ecumenical_altar, dreamdust_princess_corridor, st_stairs_9,
          minmay_cut_off
D:2:      layout_loops_corners, nrook_loot_triangle
D:3:      layout_rooms, chequers_arboretum
D:4:      layout_rooms, minmay_temple_entry_ruins, uniq_crazy_yiuf_cottage,
          uniq_sigmund
D:5:      layout_loops_corners, overflow_temple_1_default
D:6:      layout_basic, grunt_ministairs_3, nicolae_shop_self_help
D:7:      layout_rooms, ebering_ghost_reflecting_pool, eino_curves_02
D:8:      layout_loops_cross, uniq_joseph, uniq_psyche, uniq_pikel,
          uniq_prince_ribbit1
D:9:      layout_basic, enter_bailey_2, serial_shops, shop,
          nicolae_shop_overcharged_wands, uniq_grum
D:10:     layout_small_grid, old_standard_altar, dpeg_lair_monsters,
          serial_shops, shop, minmay_pinched_square
Temple:   mainiacjoe_temple_cubbyholes

Skill      XL: |  1  2  3  4  5  6  7  8  9 |
---------------+----------------------------+-----
Spellcasting   | 1 2 3 4 5 |  5.3
Fighting       | 2 3 4 5 |  5.4
Unarmed Combat | 1 2 3 4 5 7 8 |  8.3
Throwing       | 1 3 5 |  5.4
Hexes          | 1 3 |  3.3
Dodging        | |  2.3
Stealth        | |  1.3
Summonings     | |  0.3
Evocations     | |  3.2

Action                   |  1- 3 |  4- 6 |  7- 9 || total
-------------------------+-------+-------+-------++-------
Melee: Unarmed           |   120 |    29 |   249 ||   398
       Tentacles         |    30 |     9 |    61 ||   100
       Constrict         |    36 |     7 |    50 ||    93
       Punch             |       |     1 |    14 ||    15
Throw: Dart              |       |     4 |    91 ||    95
 Cast: Summon Guardian G |       |       |     1 ||     1
Evoke: Wand              |     3 |    18 |    14 ||    35
  Use: Scroll            |       |       |    10 ||    10
       Potion            |       |       |     4 ||     4
 Stab: Sleeping          |     7 |     1 |     2 ||    10
Armor: Skin              |    16 |     1 |     6 ||    23
Dodge: Dodged            |    98 |    17 |   113 ||   228
